 Dungeon Crawl Stone Soup version 0.29-a0-1027-gcd8c55af63 (webtiles) character file.

Game seed: 17770735341207866208

32 tatocazan the Trooper (level 3, -1/29 HPs)
             Began as a Demonspawn Fighter on Aug 12, 2022.
             Slain by an iguana (2 damage)
             ... on level 2 of the Dungeon.
             The game lasted 00:01:28 (1528 turns).

tatocazan the Trooper (Demonspawn Fighter)          Turns: 1528, Time: 00:01:28

Health: -1/29      AC:  6    Str: 18    XL:     3   Next: 8%
Magic:  3/3        EV:  9    Int:  9    God:
Gold:   82         SH:  0    Dex: 12    Spells: 2/2 levels left

rFire   . . .      SeeInvis .   g - +0 battleaxe
rCold   . . .      Faith    .   (shield currently unavailable)
rNeg    . . .      Spirit   .   b - +0 scale mail
rPois   .          Reflect  .   (helmet restricted)
rElec   .          Harm     .   (no cloak)
rCorr   .          Rampage  .   (no gloves)
Will    .....                   (no boots)
Stlth   ..........              (no amulet)
HPRegen 0.09/turn               (no ring)
MPRegen 0.08/turn               (no ring)

@: no status effects
A: horns 1, powered by pain 1
a: no special abilities


You were on level 2 of the Dungeon.
You visited 1 branch of the dungeon, and saw 2 of its levels.

You collected 82 gold pieces.

Inventory:

Hand Weapons
 a - a +0 war axe
 g - a +0 battleaxe (weapon)
Armour
 b - a +0 scale mail (worn)
 c - a +0 buckler
Scrolls
 f - a scroll of silence {unknown}
 h - a scroll of teleportation {unknown}
 i - a scroll of butterflies {unknown}
 k - 2 scrolls of poison {unknown}
 n - a scroll of amnesia {unknown}
 o - a scroll of identify {unknown}
 q - a scroll of magic mapping {unknown}
Potions
 d - a potion of might
 e - a potion of berserk rage {unknown}
 j - a potion of haste {unknown}
 l - a potion of brilliance {unknown}
 m - a potion of cancellation {unknown}
 p - a potion of curing {unknown}


   Skills:
 + Level 3.2 Fighting
 * Level 2.4 Axes
 + Level 3.0 Armour
 + Level 3.0 Shields


You had 2 spell levels left.
You didn't know any spells.
Your spell library contained the following spells:

 Spells                   Type           Power      Damage    Failure   Level
 Call Canine Familiar     Summ           0%         N/A       98%         3
 Portal Projectile        Hex/Tloc       0%         N/A       98%         3
 Leda's Liquefaction      Hex/Erth       0%         N/A       100%        4


Dungeon Overview and Level Annotations

Branches:
Dungeon (2/15)

Altars:


Innate Abilities, Weirdness & Mutations

You have a pair of small horns on your head.
You sometimes gain a little power by taking damage.


Message History

You take 1 damage, and have 28/29 hp.
You closely miss the iguana.
The iguana is severely wounded.
The iguana closely misses you.
You closely miss the iguana.
The iguana is severely wounded.
The iguana bites you! x2
* * * LOW HITPOINT WARNING * * *
You are too injured to fight recklessly!
You are too injured to fight recklessly!
You take 20 damage, and have 8/29 hp.
MASSIVE DAMAGE!!
You are too injured to fight recklessly!
You are too injured to fight recklessly!
You are too injured to fight recklessly!
You are too injured to fight recklessly!
You are too injured to fight recklessly!
You are too injured to fight recklessly!
You are too injured to fight recklessly!
You are too injured to fight recklessly!
You are too injured to fight recklessly!
You are too injured to fight recklessly!
You are too injured to fight recklessly!
You are too injured to fight recklessly!
You are too injured to fight recklessly!
You are too injured to fight recklessly!
You are too injured to fight recklessly!
You are too injured to fight recklessly!
You are too injured to fight recklessly!
You are too injured to fight recklessly!
You are too injured to fight recklessly!
You hit the iguana but do no damage.
The iguana is severely wounded.
The iguana closely misses you.
You hit the iguana.
You headbutt the iguana, but do no damage.
The iguana is severely wounded.
The iguana bites you!
* * * LOW HITPOINT WARNING * * *
The iguana bites you.
You die...

##. .. #. # .#.# . .#
#. ...# .# # #.#
#.##..# . .# ##.#####
.....# .#.⌠. .......#
###..###..#.#
.#.###.####..........#
................@l).#
...............##...#
#.†#..#..#..#..##...#
.#†.#..#..#.##..#..#.⌠
..#..#..#...##..#...
.#
#..#.†#..#..##..#...#
#
.#..#..#..#........#.
............##.....##.
.####.##.######.###


You could see an iguana.

Vanquished Creatures
  5 ball pythons
  5 endoplasms
  4 giant cockroaches
  2 hobgoblins
  2 quokkas
  2 bats (D:1)
  A frilled lizard (D:1)
  4 kobolds (D:1)
  2 rats (D:1)
27 creatures vanquished.

Vanquished Creatures (others)
  A fungus (D:1)
1 creature vanquished.

Grand Total: 28 creatures vanquished

Notes
Turn   | Place    | Note
-------+----------+-------------------------------------------
     0 | D:1      | tatocazan the Demonspawn Fighter began the quest for the
                  | Orb.
     0 | D:1      | Reached XP level 1. HP: 18/18 MP: 1/1
   369 | D:1      | Gained mutation: You sometimes gain a little power by
                  | taking damage. [demonic ancestry]
   369 | D:1      | Reached XP level 2. HP: 13/24 MP: 2/2
   617 | D:1      | Found a faded altar of an unknown god.
  1368 | D:2      | Discovered your monstrous ancestry.
  1368 | D:2      | Gained mutation: You have a pair of small horns on your
                  | head. [demonic ancestry]
  1368 | D:2      | Reached XP level 3. HP: 28/29 MP: 3/3
  1528 | D:2      | HP: 1/29 [iguana (8)]
  1528 | D:2      | Slain by an iguana

Illustrated notes

Levels and vault maps discovered:
D:1:      nicolae_arrival_memento_mori, layout_basic,
          shapermc_ecumenical_altar_acropolis
D:2:      layout_loops_corners, serial_undead, serial_undead_d, serial_undead_c,
          serial_undead_a, serial_undead_a, grunt_decor_mini_mirrors,
          minmay_misc_feat_diagonals, uniq_natasha

Skill      XL: |  1  2  3 |
---------------+----------+-----
Axes           | 2 |  2.4
Shields        | 3 |  3.0
Armour         | 3 |  3.0
Fighting       | |  3.2

Action                   || total
-------------------------++-------
Melee: Battleaxe         ||    75
       War axe           ||     3
       Headbutt          ||     4
Armor: Scale mail        ||    58
Dodge: Dodged            ||    44
Block: Buckler           ||     1

Table legend: (Time is in decaauts)
 A = Elapsed time spent in this place.
 B = Non-inter-level travel time spent in this place.
 C = Inter-level travel time spent in this place.
 D = Time resting spent in this place.
 E = Time spent auto-exploring this place.
 F = Levels seen in this place.
 G = Mean time per level.
                   A        B        C        D        E       F      G
               +--------+--------+--------+--------+--------+-----+--------+
         Total |   1573 |   1553 |     20 |    435 |    879 |   2 |  786.5 |
       Dungeon |   1573 |   1553 |     20 |    435 |    879 |   2 |  786.5 |
               +--------+--------+--------+--------+--------+-----+--------+

Top non-repeatable levels by time:
     D:1: 1398 daAuts
     D:2: 175 daAuts
